AoeStats
← nicerboi

Hideout

507820471Analyzed
1v1 RM · 13d ago on Sep 19, 2026· 45m 21s· 2 players
Game mode
Random Map
Map size
Tiny (2 player)
Population
200
Speed
Normal
Resources
Standard
Victory
Conquest
Starting age
Dark Age
Ending age
Imperial Age
RankedLock teamsTeams togetherTeam positionsShared explorationLock speedFull tech treeHidden civsTurbo modeCheats
Victory
Defeat
🇩🇪 Britons · Germany
1148
+15
🇺🇸 Saracens · United States
1130
-15
CouchCommander
9:39 Feudal Age
10:23 Horse Collar
10:29 Double-Bit Axe
12:32 Wheelbarrow
16:59 Castle Age
15:48 Gold Mining
16:57 Fletching
17:56 Elite Skirmisher
18:47 Padded Archer Armor
18:58 Bodkin Arrow
21:23 Bow Saw
22:12 Loom
24:11 Ballistics
27:52 Town Watch
30:43 Leather Archer Armor
33:35 Imperial Age
32:41 Treadmill Crane
35:59 Chemistry
36:45 Bracer
37:47 Conscription
38:47 Ring Archer Armor
nicerboi
10:39 Feudal Age
14:39 Castle Age
13:23 Double-Bit Axe
13:34 Horse Collar
13:57 Town Watch
17:06 Fletching
16:39 Crossbowman
22:21 Loom
27:50 Wheelbarrow
28:38 Bodkin Arrow
29:51 Ballistics
34:34 Imperial Age
32:21 Hand Cart
33:35 Padded Archer Armor
34:05 Heavy Plow
34:19 Bow Saw
35:50 Bracer
35:11 Arbalester
37:36 Warwolf
38:19 Masonry
41:08 Light Cavalry
41:55 Scale Barding Armor
42:31 Husbandry
42:43 Forging
Connection lost

Rejoining the realm…

Still unreachable

The connection could not be restored.

Session expired

The server has moved on; the page needs a fresh start.